 Dungeon Crawl Stone Soup version 0.29-a0-397-g846e4a0bbc (webtiles) character file.

Game seed: 13714514578111512220

380 Essalna the Ruffian (level 6, -2/52 HPs)
             Began as a Draconian Transmuter on May 12, 2022.
             Slain by an ice beast (14 damage)
             ... on level 3 of the Dungeon.
             The game lasted 00:05:27 (1953 turns).

Essalna the Ruffian (Draconian Transmuter)          Turns: 1953, Time: 00:05:28

Health: -2/52      AC: 10    Str: 12    XL:     6   Next: 46%
Magic:  8/9        EV: 12    Int: 16    God:
Gold:   154        SH:  0    Dex: 11    Spells: 4/9 levels left

rFire   . . .      SeeInvis .     - Unarmed
rCold   . . .      Faith    .   (no shield)
rNeg    . . .      Spirit   .   (body armour unavailable)
rPois   .          Reflect  .   (helmet currently unavailable)
rElec   .          Harm     .   (no cloak)
rCorr   .          Rampage  .   (no gloves)
Will    .....                   (boots currently unavailable)
Stlth   +.........              (no amulet)
HPRegen 0.17/turn               k - +4 ring of protection
MPRegen 0.11/turn               (no ring)

@: appendages, slowed, very slow
A: horns 2, talons 2, AC +6, unfitting armour, cold-blooded
a: End Transformation


You were on level 3 of the Dungeon.
You had temporarily grown beastly horns and talons.
You visited 1 branch of the dungeon, and saw 4 of its levels.

You collected 154 gold pieces.

Inventory:

Hand Weapons
 g - the +4 dagger of Obsession {vorpal, Str+2 Int+6}
   (You found it on level 2 of the Dungeon)

   It inflicts extra damage upon your enemies.
   Str:       It affects your strength (+2).
   Int:       It affects your intelligence (+6).
Armour
 d - a +0 pair of boots (melded)
Jewellery
 c - an amulet of guardian spirit
 k - a +4 ring of protection (left hand)
 o - an amulet of the acrobat
Scrolls
 b - a scroll of identify {unknown}
 f - 2 scrolls of blinking {unknown}
 h - a scroll of fear {unknown}
 i - a scroll of teleportation {unknown}
 l - a scroll of noise {unknown}
 m - a scroll of immolation {unknown}
Potions
 a - a potion of lignification
 e - a potion of curing {unknown}
 j - a potion of flight {unknown}
 n - a potion of degeneration {unknown}


   Skills:
 + Level 4.0 Fighting
 - Level 1.7 Dodging
 + Level 4.7 Unarmed Combat
 - Level 2.0 Spellcasting
 + Level 4.1 Transmutations
 + Level 1.5 Ice Magic


You had 4 spell levels left.
You knew the following spells:

 Your Spells              Type           Power      Damage    Failure   Level
a - Beastly Appendage     Tmut           28%        N/A       3%          1
b - Ice Form              Ice/Tmut       10%        N/A       54%         4

Your spell library contained the following spells:

 Spells                   Type           Power      Damage    Failure   Level
 Wereblood                Tmut           14%        N/A       6%          2
 Spider Form              Tmut/Pois      8%         N/A       26%         3
 Animate Dead             Necr           0%         N/A       90%         4
 Haunt                    Necr/Summ      0%         N/A       100%        7
 Infestation              Necr           0%         N/A       100%        8


Dungeon Overview and Level Annotations

Branches:
Dungeon (4/15)
 Temple: D:4-7

Altars:

Shops:
D:4 [


Innate Abilities, Weirdness & Mutations

You have temporarily grown beastly horns and talons.
Your plain brown scales are hard. (AC +6)
You cannot fit into any form of body armour.
You are cold-blooded and may be slowed by cold attacks.


Message History

The ice beast is heavily wounded.
The ice beast barely misses you.
You hit the ice beast but do no damage.
The ice beast is heavily wounded.
The ice beast hits you but does no damage.
You hit the ice beast. Your kick misses the ice beast.
The ice beast is heavily wounded.
The ice beast hits you but does no damage.
You hit the ice beast but do no damage. You claw the ice beast.
You headbutt the ice beast.
The ice beast is severely wounded.
The ice beast hits you but does no damage.
You closely miss the ice beast. Your headbutt misses the ice beast.
Your tail-slap misses the ice beast.
The ice beast is severely wounded.
The ice beast hits you but does no damage.
You hit the ice beast but do no damage.
Your tail-slap misses the ice beast.
The ice beast is severely wounded.
You barely miss the ice beast.
You claw the ice beast, but do no damage.
The ice beast is severely wounded.
The ice beast closely misses you.
You hit the ice beast but do no damage.
You claw the ice beast, but do no damage.
The ice beast is severely wounded.
The ice beast hits you but does no damage.
You hit the ice beast but do no damage. You claw the ice beast.
Your headbutt misses the ice beast.
You punch the ice beast, but do no damage.
The ice beast is almost dead.
The ice beast hits you. The ice beast freezes you!
You feel yourself slow down.
You closely miss the ice beast. Your kick misses the ice beast.
You headbutt the ice beast.
The ice beast is almost dead.
The ice beast hits you. The ice beast freezes you!
* * * LOW HITPOINT WARNING * * *
The ice beast hits you.
* * * LOW HITPOINT WARNING * * *
The ice beast freezes you!
You die...

†............#..
......>......#
.............#
##+########'######
#..Y...# ######.#
#.# #Y# #@# #.#
#.# ..# ###


You could see an ice beast.

Vanquished Creatures
  Grinder (D:3)
  A scorpion (D:3)
  A hound (D:3)
  Terence (D:3)
  2 adders (D:2)
  A worm (D:3)
  2 dart slugs
  2 bats
  6 endoplasms
  3 giant cockroaches
  5 goblins
  5 hobgoblins
  6 jackals (D:3)
  3 quokkas
  4 ball pythons
  2 frilled lizards (D:1)
  4 kobolds
  3 rats
52 creatures vanquished.

Notes
Turn   | Place    | Note
-------+----------+-------------------------------------------
     0 | D:1      | Essalna the Draconian Transmuter began the quest for the
                  | Orb.
     0 | D:1      | Reached XP level 1. HP: 16/16 MP: 3/3
   193 | D:1      | Reached XP level 2. HP: 22/23 MP: 3/5
   421 | D:1      | Found a faded altar of an unknown god.
   717 | D:2      | Reached XP level 3. HP: 29/29 MP: 4/6
   724 | D:2      | Identified the +4 dagger of Obsession {vorpal, Str+2 Int+6}
   781 | D:2      | You fall into a shaft and drop 2 floors!
   868 | D:4      | Found Tauckeka's Armour Shop.
   935 | D:3      | Noticed a scorpion
   941 | D:3      | Killed a scorpion
   942 | D:3      | Reached XP level 4. HP: 25/37 MP: 5/7
  1743 | D:3      | Reached XP level 5. HP: 43/45 MP: 8/8
  1782 | D:3      | Noticed Terence
  1794 | D:3      | Killed Terence
  1803 | D:3      | Learned a level 4 spell: Ice Form
  1869 | D:3      | Noticed Grinder
  1906 | D:3      | Killed Grinder
  1907 | D:3      | Reached skill level 1 in Ice Magic
  1907 | D:3      | Reached XP level 6. HP: 39/52 MP: 7/9
  1921 | D:3      | Noticed an ice beast
  1953 | D:3      | Slain by an ice beast

Illustrated notes

Levels and vault maps discovered:
D:1:      tarquinn_simple_flora_water_d, layout_rooms,
          shapermc_ecumenical_altar_hornbeckon
D:2:      layout_basic
D:3:      layout_basic, okawaru_altar_gauntlet_db, nrook_loot_triangle,
          uniq_terence, uniq_grinder
D:4:      layout_basic, serial_shops, nicolae_shop_trees

Skill      XL: |  1  2  3  4  5 |
---------------+----------------+-----
Fighting       | 2 3 4 |  4.0
Transmutations | 3 4 |  4.1
Unarmed Combat | 4 |  4.7
Ice Magic      | 1 |  1.5
Dodging        | |  1.7
Spellcasting   | |  2.0

Action                   |  1- 3 |  4- 6 || total
-------------------------+-------+-------++-------
Melee: Unarmed           |    62 |   102 ||   164
       Headbutt          |    11 |    14 ||    25
       Kick              |    17 |    29 ||    46
       Tailslap          |     5 |     8 ||    13
       Punch             |     2 |     2 ||     4
 Cast: Beastly Appendage |    11 |    26 ||    37
Armor: Skin              |    12 |    33 ||    45
Dodge: Dodged            |    29 |    47 ||    76

Table legend: (Time is in decaauts)
 A = Elapsed time spent in this place.
 B = Non-inter-level travel time spent in this place.
 C = Inter-level travel time spent in this place.
 D = Time resting spent in this place.
 E = Time spent auto-exploring this place.
 F = Levels seen in this place.
 G = Mean time per level.
                   A        B        C        D        E       F      G
               +--------+--------+--------+--------+--------+-----+--------+
         Total |   1949 |   1894 |     55 |      0 |   1475 |   4 |  487.2 |
       Dungeon |   1949 |   1894 |     55 |      0 |   1475 |   4 |  487.2 |
               +--------+--------+--------+--------+--------+-----+--------+

Top non-repeatable levels by time:
     D:2: 635 daAuts
     D:1: 620 daAuts
     D:3: 369 daAuts
     D:4: 324 daAuts
